AoeStats
← 3379631833

Nomad

504619350Analyzed
2v2 RM · 26d ago on Sep 6, 2026· 65m 30s· 4 players
Game mode
Random Map
Map size
176×176
Population
200
Speed
Normal
Resources
Standard
Victory
Conquest
Starting age
Dark Age
Ending age
Imperial Age
RankedLock teamsTeams togetherTeam positionsShared explorationLock speedFull tech treeHidden civsTurbo modeCheats
Victory
Defeat
🇨🇳 Huns · China
812
+19
🇦🇷 Malians · Argentina
810
+19
🇨🇱 Vikings · Chile
885
-19
🇨🇱 Malay · Chile
881
-19
CHAMACO
5:45 Loom
14:32 Feudal Age
15:36 Double-Bit Axe
15:33 Horse Collar
23:11 Castle Age
23:35 Fletching
23:57 Forging
24:34 Bow Saw
24:39 Scale Mail Armor
33:22 Forging
33:27 Chain Mail Armor
35:54 Heavy Plow
59:58 Wheelbarrow
64:59 Hand Cart
3379631833
17:20 Loom
22:50 Feudal Age
23:25 Man-at-Arms
31:39 Castle Age
30:24 Town Watch
31:15 Wheelbarrow
32:24 Forging
32:14 Scale Mail Armor
35:34 Double-Bit Axe
42:12 Town Patrol
44:57 Hand Cart
44:46 Gold Mining
44:46 Stone Mining
45:08 Bow Saw
45:36 Iron Casting
45:02 Padded Archer Armor
45:08 Scale Barding Armor
45:19 Chain Mail Armor
44:54 Fletching
45:14 Fishing Lines
49:15 Gold Shaft Mining
49:06 Chain Barding Armor
49:02 Leather Archer Armor
50:25 Bodkin Arrow
54:03 Imperial Age
54:01 Marauders
54:13 Husbandry
54:14 Cavalier
55:30 Paladin
58:34 Blast Furnace
57:35 Bracer
58:11 Plate Barding Armor
65:14 Murder Holes
65:40 Ballistics
65:31 Careening
65:32 Clinker Construction
66:23 Chemistry
64:47 Capped Ram
65:00 Sappers
64:50 Elite Tarkan
BP | Tierruo
8:28 Loom
14:12 Feudal Age
14:45 Double-Bit Axe
15:34 Man-at-Arms
16:50 Fishing Lines
19:16 Town Watch
25:50 Castle Age
24:33 Scale Mail Armor
25:22 Forging
25:57 Long Swordsman
26:57 Gambesons
27:33 Chain Mail Armor
29:59 Fletching
30:40 Bodkin Arrow
31:08 Bow Saw
33:42 Chieftains
36:52 Iron Casting
44:05 Town Patrol
45:08 Squires
45:18 Elite Skirmisher
46:16 Arson
47:41 Padded Archer Armor
50:11 Leather Archer Armor
50:15 Horse Collar
52:41 Heavy Plow
56:30 Imperial Age
57:10 Ballistics
56:57 Murder Holes
56:45 Two-Handed Swordsman
58:01 Plate Mail Armor
57:53 Champion
60:39 Blast Furnace
BP I Sarrapastroso
6:19 Loom
16:47 Feudal Age
18:06 Man-at-Arms
19:34 Town Watch
20:19 Arson
23:54 Wheelbarrow
24:25 Horse Collar
24:33 Double-Bit Axe
27:26 Castle Age
26:14 Forging
26:22 Stone Mining
28:24 Hand Cart
28:21 Gold Mining
29:03 Heavy Plow
29:17 Bow Saw
30:21 Long Swordsman
31:03 Squires
35:53 Town Patrol
53:59 Imperial Age
56:22 Conscription
Connection lost

Rejoining the realm…

Still unreachable

The connection could not be restored.

Session expired

The server has moved on; the page needs a fresh start.